 Dungeon Crawl Stone Soup version bcrawl-1.32 (webtiles) character file.

Game seed: 17801248550880554589

218813 GenialerGandalf the Protected (level 9, 0/78 HPs)
             Began as a Minotaur Fighter on July 12, 2021.
             Succumbed to a kobold's poison
             ... on level 7 of the Dungeon.
             The game lasted 00:32:04 (8783 turns).

GenialerGandalf the Protected (Minotaur Fighter)    Turns: 8783, Time: 00:32:05

Health: 0/78       AC:  7    Str: 28    XL:     9   Next: 46%
Magic:  17/17      EV:  9    Int:  5    God:
Gold:   462        SH: 12    Dex: 10    Spells: 8/8 levels left

rFire    + . .     SeeInvis .   a - +0 rapier
rCold    . . .     Gourm    .   c - +0 medium shield
rNeg     . . .     Faith    .   k - +0 scale mail {rF+}
rPois    .         Spirit   .   (helmet restricted)
rElec    .         Reflect  .   n - -2 cloak
rCorr    .         Harm     .   (no gloves)
MR       .....                  x - -2 pair of boots
Stlth    ..........             (no amulet)
HPRegen  0.23/turn              K - +4 ring of strength
MPRegen  0.15/turn              H - ring of magical power

@: lethally poisoned (0 -> -7)
A: retaliatory headbutt, horns 2
a: no special abilities


You were on level 7 of the Dungeon.
You were not hungry.

You visited 1 branch of the dungeon, and saw 7 of its levels.

You collected 462 gold pieces.

Inventory:

Hand Weapons
 a - a +0 rapier (weapon)
 B - a cursed -1 spear
 C - a +0 falchion
 D - a +1 antimagic spear
Missiles
 o - 1699 stones (quivered)
 L - a throwing net {=f}
Armour
 b - a +0 scale mail
 c - a +0 medium shield (worn)
 k - a +0 scale mail of fire resistance (worn)
 n - a -2 cloak (worn)
 v - a +3 chain mail
 x - a -2 pair of boots (worn)
 A - a cursed +0 ring mail
Jewellery
 G - a -3 ring of evasion
 H - a ring of magical power (right hand)
 I - a cursed ring of resist corrosion {unknown}
 K - a +4 ring of strength (left hand)
Wands
 F - a wand of acid (9)
Scrolls
 f - 6 scrolls of remove curse
 h - 3 scrolls of enchant weapon {unknown}
 i - 2 scrolls of identify
 p - a scroll of amnesia {unknown}
 t - 3 scrolls of teleportation {unknown}
 u - 2 scrolls of immolation
 y - a scroll of blinking {unknown}
 z - a scroll of magic mapping {unknown}
 E - a scroll of fog {unknown}
 J - a scroll of enchant armour {unknown}
Potions
 d - a potion of might
 g - 4 potions of brilliance {unknown}
 j - a potion of agility {unknown}
 l - a potion of experience {unknown}
 m - 3 potions of curing {unknown}
 q - a potion of flight {unknown}
 r - 2 potions of haste
 s - a potion of resistance {unknown}
 w - 2 potions of mutation {unknown}
Comestibles
 e - 11 rations {!d}


   Skills:
 + Level 6.5 Fighting
 + Level 7.7 Short Blades
 + Level 9.0 Armour
 + Level 4.1 Dodging
 + Level 1.4 Stealth
 + Level 8.3 Shields


You had 8 spell levels left.
You didn't know any spells.
Your spell library contained the following spells:

 Spells                   Type           Power        Failure   Level  Hunger
 Apportation              Tloc           #.....       100%        1    None
 Infusion                 Chrm           #.......     100%        1    None
 Sandblast                Erth           #.....       100%        1    None
 Slow                     Hex            #.......     100%        1    None
 Summon Butterflies       Summ           #.......     100%        1    None


Dungeon Overview and Level Annotations

Branches:
Dungeon (7/12)             Temple (0/1) D:4
   Lair: D:7-9

Altars:
Cheibriados
Elyvilon
Gozag
Makhleb
Okawaru
Ru
Yredelemnul
The Shining One

Shops:
D:5 ?   D:7 =

Annotations:
D:4 1 runed translucent door, Morbidden's ghost, amateur DgVM


Innate Abilities, Weirdness & Mutations

You reflexively headbutt those who attack you in melee.
You have a pair of horns on your head.


Message History

The bolt of electricity hits the kobold!
The kobold dies!
The bolt of electricity hits you!
* * * LOW HITPOINT WARNING * * *
The kobold hits you but does no damage. x2
The quasit bites you but does no damage.
You block the quasit's attack.
The quasit claws you but does no damage.
The electric eel shoots out a bolt of lightning at you!
The bolt of electricity hits the kobold.
The kobold dies!
The bolt of electricity hits you!
* * * LOW HITPOINT WARNING * * *
The bolt of electricity hits the kobold!
The kobold dies!
The kobold shoots a poisoned needle.
The poisoned needle hits you!
You are lethally poisoned!
Things that are here:
a +0 mace; a big kobold corpse You die...

#..##..........≈.≈≈.≈.≈≈
#........##...≈≈
#.....####....≈≈
#(#.<.## #.#...≈
#.##...####.# ...≈ ##
#....##..# .≈≈ ##......#
##......# .
######......@## ≈≈≈
#..........)))##..≈≈
##.#####....K5...;≈≈≈
#.###......K.....≈≈
#.#..###........≈≈
##.### ###.....≈≈. #..#
##......≈ ##.## .......
#..# #........


You could see a quasit and 2 kobolds.

Vanquished Creatures
  Pikel (D:7)
  A troll (D:6)
  Eustachio (D:5)
  An orc warrior (D:6)
  A phantom (D:7)
  3 ogres
  A centaur (D:6)
  3 wolves
  A bullfrog (D:6)
  2 big kobolds (D:7)
  A scorpion (D:4)
  4 wights
  A centaur zombie (D:6)
  5 crimson imps
  A bullfrog skeleton (D:6)
  4 hounds
  An orc priest (D:7)
  Jessica (D:2)
  2 iguanas
  An orc wizard (D:5)
  3 worker ants
  A howler monkey zombie (D:5)
  A worker ant zombie (D:6)
  Robin (D:2)
  8 adders
  4 gnolls
  An ooze (D:2)
  A worm (D:2)
  An adder zombie (D:5)
  12 dart slugs
  5 leopard geckos
  19 orcs
  3 bats
  A giant cockroach (D:1)
  10 goblins
  14 hobgoblins
  4 jackals (D:2)
  14 kobolds
  5 quokkas
  3 frilled lizards
  23 rats
170 creatures vanquished.

Vanquished Creatures (others)
  3 kobolds (D:7)
3 creatures vanquished.

Grand Total: 173 creatures vanquished

Notes
Turn   | Place    | Note
-------+----------+-------------------------------------------
     0 | D:1      | GenialerGandalf the Minotaur Fighter began the quest for
                  | the Orb.
     0 | D:1      | Reached XP level 1. HP: 19/19 MP: 0/0
   165 | D:1      | Reached skill level 4 in Armour
   165 | D:1      | Reached XP level 2. HP: 19/27 MP: 1/1
   453 | D:1      | Reached XP level 3. HP: 33/33 MP: 2/2
   849 | D:2      | HP: 1/33 [rat (2)]
   864 | D:2      | Noticed Robin
   893 | D:2      | Killed Robin
  1115 | D:2      | Reached XP level 4. HP: 38/40 MP: 3/3
  1386 | D:2      | Found a white marble altar of Elyvilon.
  1860 | D:2      | Found an iron altar of Okawaru.
  2051 | D:2      | Noticed Jessica
  2068 | D:2      | Killed Jessica
  2069 | D:2      | Reached skill level 5 in Shields
  2069 | D:2      | Reached XP level 5. HP: 46/46 MP: 4/4
  2464 | D:3      | Reached skill level 5 in Armour
  3244 | D:3      | Found a sacrificial altar of Ru.
  3527 | D:4      | Reached skill level 1 in Dodging
  3527 | D:4      | Found a runed translucent door.
  3647 | D:4      | Noticed Morbidden's ghost (amateur DgVM)
  3729 | D:4      | Reached XP level 6. HP: 51/53 MP: 5/5
  3742 | D:4      | Found a staircase to the Ecumenical Temple.
  4243 | D:4      | Reached skill level 5 in Fighting
  4380 | D:4      | Reached skill level 6 in Armour
  4380 | D:4      | Reached XP level 7. HP: 44/61 MP: 6/6
  4849 | D:5      | Entered Level 5 of the Dungeon
  4861 | D:5      | Found Quz Fas's Magic Scroll Boutique.
  5150 | D:5      | Reached skill level 5 in Short Blades
  5190 | D:5      | Found a glowing golden altar of the Shining One.
  5276 | D:5      | Noticed Eustachio
  5294 | D:5      | Killed Eustachio
  5506 | D:5      | Reached XP level 8. HP: 43/68 MP: 7/7
  5726 | D:5      | Found a snail-covered altar of Cheibriados.
  5726 | D:5      | Found a burning altar of Makhleb.
  6082 | D:6      | Reached skill level 7 in Armour
  6228 | D:6      | Found an opulent altar of Gozag.
  7058 | D:6      | Reached skill level 1 in Stealth
  7426 | D:6      | Found a basalt altar of Yredelemnul.
  8175 | D:7      | Found Unoerph's Jewellery Boutique.
  8214 | D:7      | Reached skill level 8 in Armour
  8369 | D:7      | Noticed a troll
  8445 | D:7      | Noticed Pikel
  8454 | D:6      | Killed a troll
  8455 | D:6      | Reached XP level 9. HP: 39/75 MP: 8/8
  8702 | D:7      | Killed Pikel
  8774 | D:7      | Reached skill level 9 in Armour
  8782 | D:7      | HP: 1/78 [electric eel/bolt of electricity (14)]
  8783 | D:7      | Succumbed to a kobold's poison

Skill      XL: |  1  2  3  4  5  6  7  8  9 |
---------------+----------------------------+-----
Armour         | 4 5 6 8 9 |  9.0
Fighting       | 4 5 6 |  6.5
Shields        | 4 5 6 7 8 |  8.3
Short Blades   | 3 4 5 7 |  7.7
Dodging        | 1 2 3 4 |  4.1
Stealth        | 1 |  1.4

Action                   |  1- 3 |  4- 6 |  7- 9 || total
-------------------------+-------+-------+-------++-------
Melee: Rapier            |    67 |   205 |   273 ||   545
       Headbutt          |    10 |    31 |    64 ||   105
  Use: Scroll            |     1 |     4 |     2 ||     7
       Potion            |     2 |     1 |     5 ||     8
  Eat: Ration            |     1 |     3 |     5 ||     9
       Chunk             |       |     4 |     3 ||     7
Armor: Scale mail        |    51 |    84 |    87 ||   222
Dodge: Dodged            |    17 |    59 |    76 ||   152
Block: Medium shield     |    43 |   125 |   152 ||   320
